 Dungeon Crawl Stone Soup version 0.26.0-41-g79a4fc7684 (webtiles) character file.

Game seed: 10718274890208028105

88 Hellfordprime the Grave Robber (level 4, 0/31 HPs)
             Began as a Human Necromancer on Jan 22, 2021.
             Slain by a gnoll
             ... wielding a +0 whip
              (8 damage)
             ... on level 3 of the Dungeon on Jan 26, 2021.
             The game lasted 00:31:02 (3982 turns).

Hellfordprime the Grave Robber (Human Necromancer)  Turns: 3982, Time: 00:31:03

Health: 0/31       AC:  2    Str:  9    XL:     4   Next: 82%
Magic:  8/8        EV: 12    Int: 16    God:
Gold:   196        SH:  5    Dex: 13    Spells: 8/9 levels left

rFire    . . .     SeeInvis .   e - +0 mace
rCold    . . .     Faith    .   (no shield)
rNeg     . . .     Spirit   .   d - +0 robe
rPois    .         Reflect  +   (no helmet)
rElec    .         Harm     .   (no cloak)
rCorr    .         Rampage  .   (no gloves)
Will     .....                  (no boots)
Stlth    ++........             r - amulet of reflection
HPRegen  0.10/turn              (no ring)
MPRegen  0.11/turn              (no ring)

@: no status effects
A: no striking features
a: no special abilities


You were on level 3 of the Dungeon.
You visited 1 branch of the dungeon, and saw 4 of its levels.

You collected 196 gold pieces.

Inventory:

Hand Weapons
 b - a +0 dagger
 c - a +0 whip
 e - a +0 mace (weapon)
 g - a +0 short sword
 k - a +0 mace
 w - a +0 hunting sling
 A - a +0 hunting sling
 B - a +0 dagger of venom
 D - a +0 quarterstaff
 E - a +0 spear
Missiles
 j - 17 poisoned darts
 l - 86 stones
 p - 19 arrows
 C - 4 boomerangs
Armour
 a - a +0 robe
 d - a +0 robe (worn)
 s - a +0 robe
 v - a +0 leather armour
 x - a +0 pair of boots
 z - a +0 leather armour
Jewellery
 m - an uncursed ring of attention
 r - an amulet of reflection (around neck)
 y - an uncursed ring of positive energy {unknown}
Scrolls
 f - a scroll of remove curse
 h - 3 scrolls of identify
 n - 2 scrolls of teleportation
 q - a scroll of noise
 u - a scroll of enchant armour {unknown}
Potions
 i - 2 potions of attraction {unknown}
 o - 2 potions of heal wounds {unknown}
 t - a potion of flight {unknown}


   Skills:
 + Level 0.5 Fighting
 + Level 0.6 Short Blades
 + Level 0.1 Maces & Flails
 + Level 2.0 Dodging
 + Level 2.3 Stealth
 + Level 3.1 Spellcasting
 + Level 4.7 Necromancy


You had 8 spell levels left.
You knew the following spells:

 Your Spells              Type           Power        Failure   Level
a - Pain                  Necr           68%          2%          1

Your spell library contained the following spells:

 Spells                   Type           Power        Failure   Level
 Animate Skeleton         Necr           34%          2%          1
 Vampiric Draining        Necr           8%           8%          3
 Animate Dead             Necr           8%           26%         4
 Agony                    Necr           17%          58%         5


Dungeon Overview and Level Annotations

Branches:
Dungeon (4/15)
 Temple: D:4-7

Altars:
Nemelex Xobeh


Message History

There is a stone staircase leading down here.
You can't go up here!
The gnoll barely misses you. The gnoll hits you with a +0 whip.
You climb downwards.
Found 10 arrows, 4 gold pieces and a potion of curing.
There is a stone staircase leading up here.
You can't go down here!
The gnoll hits you. The gnoll hits you with a +0 whip.
You climb upwards.
The gnoll closely misses you.
There is a stone staircase leading down here.
You sock the gnoll!
The gnoll is almost dead.
You block the gnoll's attack. The gnoll hits you with a +0 whip.
The gnoll hits you but does no damage. The gnoll barely misses you.
You closely miss the gnoll.
The gnoll is almost dead.
The gnoll barely misses you. You block the gnoll's attack. The gnoll hits you.
* * * LOW HITPOINT WARNING * * *
The gnoll hits you with a +0 whip!
You die...

#.# #.#........ #.#
#.#........ ###########.#
#.#........
#...........#####..........
#.#####...........#........
#.# #...........+........
#.# #...........#........
#.# ###.#g.######.....###
#.# #.@g..........### # #.#
#..g#######.### #.#
#...#######.# #.#
#...........#
##.#######.#.#######.#
#..........#.# #.#
############.# #.#
#...........# #.###########


You could see 3 gnolls.

Vanquished Creatures
  2 adders (D:2)
  2 worms
  4 dart slugs (D:1)
  A leopard gecko (D:1)
  An orc (D:3)
  A ball python (D:1)
  5 giant cockroaches
  9 goblins
  4 hobgoblins
  A quokka (D:2)
  5 bats
  5 frilled lizards
  7 kobolds
  7 rats
54 creatures vanquished.

Notes
Turn   | Place    | Note
-------+----------+-------------------------------------------
     0 | D:1      | Hellfordprime the Human Necromancer began the quest for the
                  | Orb.
     0 | D:1      | Reached XP level 1. HP: 13/13 MP: 3/3
   470 | D:1      | Upgraded the game from 0.26.0-18-gc5c842f807 to
                  | 0.26.0-41-g79a4fc7684
   606 | D:1      | Reached XP level 2. HP: 16/19 MP: 1/5
  1271 | D:1      | Reached XP level 3. HP: 20/24 MP: 2/6
  2481 | D:2      | Reached XP level 4. HP: 30/31 MP: 4/7
  2578 | D:2      | Found a sparkling altar of Nemelex Xobeh.
  3982 | D:3      | Slain by a gnoll

Illustrated notes

Levels and vault maps discovered:
D:1:      wander_arrival_chamber, layout_loops_ring
D:2:      layout_loops_corners, nemelex_xobeh_ov_fountains_minmay
D:3:      layout_basic, nzn_wu_jian_council_hall, okawaru_altar_gauntlet_db,
          uniq_sigmund
D:4:      lemuel_castle_with_subvaults [lemuel_castle_interior_carwin_3],
          layout_cave_pools, minivault_1, uniq_eustachio, uniq_menkaure

Skill      XL: |  1  2  3  4 |
---------------+-------------+-----
Spellcasting   | 3 |  3.1
Fighting       | |  0.5
Short Blades   | |  0.6
Maces & Flails | |  0.1
Dodging        | |  2.0
Stealth        | |  2.3
Necromancy     | |  4.7

Action                   |  1- 3 |  4- 6 || total
-------------------------+-------+-------++-------
Melee: Dagger            |     8 |       ||     8
       Mace              |    14 |    16 ||    30
 Cast: Pain              |    60 |    38 ||    98
  Use: Potion            |     1 |       ||     1
       Scroll            |       |     4 ||     4
Armor: Robe              |     3 |     8 ||    11
Dodge: Dodged            |    28 |    18 ||    46
Block: Other             |       |     8 ||     8
       Reflection        |       |     1 ||     1
